 Dungeon Crawl Stone Soup version 0.31-a0-1591-g515db51633 (webtiles) character file.

Game seed: 14531963768476513515

72 NightmareEGirl the Covered (level 4, 0/29 HPs)
             Began as a Gargoyle Fighter on Jan 7, 2024.
             Slain by Natasha (1 damage)
             ... on level 3 of the Dungeon.
             The game lasted 00:08:59 (2434 turns).

NightmareEGirl the Covered (Gargoyle Fighter)       Turns: 2434, Time: 00:09:01

Health: 0/29       AC: 13    Str: 22    XL:     4   Next: 26%
Magic:  4/4        EV:  8    Int:  8    God:
Gold:   126        SH:  4    Dex:  9    Spells: 3/3 levels left

rFire   . . .        a - +0 flail
rCold   . . .        c - +0 buckler
rNeg    + . .        g - +0 chain mail
rPois   ∞            (no helmet)
rElec   +            (no cloak)
rCorr   .            (no gloves)
SInv    .            (no boots)
Will    .....        (no amulet) Stlth
                     (no ring)
HPRegen 0.24/turn    (no ring)
MPRegen 0.09/turn

%: no passive effects
@: slowed, very slow
A: sickness immunity, AC +3, negative energy resistance 1, electricity
resistance, torment resistance 1, petrification resistance
a: no special abilities


You were on level 3 of the Dungeon.
You visited 1 branch of the dungeon, and saw 3 of its levels.

You collected 126 gold pieces.

Inventory:

Hand Weapons
 a - a +0 flail (weapon)
Armour
 c - a +0 buckler (worn)
 g - a +0 chain mail (worn)
Potions
 b - a potion of curing
 d - a potion of might
 e - a potion of mutation {unknown}
 f - a potion of ambrosia {unknown}
 h - a potion of enlightenment {unknown}


   Skills:
 + Level 3.9 Fighting
 + Level 2.8 Maces & Flails
 + Level 3.9 Armour
 + Level 3.9 Shields


You had 3 spell levels left.
You didn't know any spells.
Your spell library contained the following spells:

 Spells                   Type           Power      Damage    Failure   Level
 Mercury Vapours          Alch/Air       0%         N/A       99%         2
 Fugue of the Fallen      Necr           0%         N/A       100%        3
 Mephitic Cloud           Conj/Alch/Air  0%         N/A       100%        3
 Ozocubu's Armour         Ice            0%         N/A       100%        3
 Manifold Assault         Tloc           0%         N/A       100%        4
 Freezing Cloud           Conj/Ice/Air   0%         6-21      100%        5


Dungeon Overview and Level Annotations

Branches:
Dungeon (3/15)

Altars:

Shops:
D:2 =[?

Annotations:
D:3 Natasha


Innate Abilities, Weirdness & Mutations

You are immune to sickness and miasma.
Your stone body is resilient. (AC +3)
You are immune to poison.
You resist negative energy. (rN+)
You are resistant to electric shocks. (rElec)
You are resistant to unholy torment.
You are immune to petrification.


Message History

The cerulean imp hits you from afar with a +2 spear.
* * * LOW HITPOINT WARNING * * *
You hit Natasha.
Natasha is almost dead.
Natasha stares at you and mumbles some strange words.
The magic dart hits you but does no damage.
The cerulean imp closely misses you. Natasha barely misses you.
The cerulean imp hits you but does no damage.
You barely miss Natasha.
Natasha is almost dead.
Natasha barely misses you. The cerulean imp barely misses you.
Natasha claws you.
* * * LOW HITPOINT WARNING * * *
The cerulean imp closely misses you.
You closely miss Natasha.
Natasha is almost dead.
You block Natasha's attack. The cerulean imp closely misses you.
Natasha barely misses you.
The cerulean imp hits you from afar with a +2 spear.
* * * LOW HITPOINT WARNING * * *
You closely miss Natasha.
Natasha is almost dead.
The cerulean imp disappears in a puff of smoke!
Natasha casts a spell at you.
The magic dart hits you but does no damage.
Natasha casts a spell.
You barely miss Natasha.
Natasha is almost dead.
Natasha claws you.
* * * LOW HITPOINT WARNING * * *
Natasha barely misses you.
The cerulean imp hits you from afar with a +0 spear.
* * * LOW HITPOINT WARNING * * *
You miss Natasha.
Natasha is almost dead.
Natasha claws you but does no damage.
The cerulean imp hits you but does no damage.
Natasha claws you.
You die...
Natasha curls up and begins to purr.

######### #.......#
#.......# #.......#####
###
#...........#########..
##..................##..
.....5h@............##..
>.......)...........''..
.....#####'####.....##..
.......).............+..
.=..#......########.##..
+# #####..# #.#### #..#
#.# #... #.# ...# #.#


You could see Natasha and a cerulean imp (summoned).

Vanquished Creatures
  An adder (D:2)
  A dart slug (D:2)
  A ribbon worm (D:2)
  An orc (D:3)
  3 ball pythons (D:2)
  2 bats (D:1)
  4 endoplasms
  2 giant cockroaches (D:1)
  4 goblins
  9 hobgoblins
  4 quokkas (D:1)
  6 frilled lizards
  10 kobolds
  A rat (D:2)
49 creatures vanquished.

Notes
Turn   | Place    | Note
-------+----------+-------------------------------------------
     0 | D:1      | NightmareEGirl the Gargoyle Fighter began the quest for the
                  | Orb.
     0 | D:1      | Reached XP level 1. HP: 14/14 MP: 1/1
   214 | D:1      | Reached XP level 2. HP: 14/19 MP: 2/2
   678 | D:1      | Reached XP level 3. HP: 23/23 MP: 3/3
   921 | D:1      | Found a faded altar of an unknown god.
  1376 | D:2      | Found Ysolast's Jewellery Boutique.
  1466 | D:2      | Found Fykau's Antique Armour Shop.
  1493 | D:2      | Found Meshreono's Magic Scroll Boutique.
  1883 | D:2      | Reached XP level 4. HP: 29/29 MP: 4/4
  2418 | D:3      | Noticed Natasha
  2433 | D:3      | HP: 1/29 [cerulean imp/+0 spear[Natasha] (3)]
  2434 | D:3      | Slain by Natasha

Illustrated notes

Levels and vault maps discovered:
D:1:      sevenhm_arrival_forest_fort_large_4, layout_loops_corners,
          shapermc_ecumenical_altar_hornbeckon
D:2:      layout_basic, serial_shops, nicolae_shop_pleasant_corner_grove, shop,
          shop
D:3:      layout_basic, serial_bayou_lake_a, uniq_ijyb, uniq_natasha

Action                     |  1- 3 |  4- 6 || total
---------------------------+-------+-------++-------
  Melee: Flail             |   158 |    32 ||   190
    Use: Scroll            |     3 |     2 ||     5
 Armour: Scale mail        |    88 |       ||    88
         Chain mail        |    45 |    32 ||    77
  Dodge: Dodged            |    71 |    18 ||    89
  Block: Buckler           |    38 |     6 ||    44

Table legend: (Time is in decaauts)
 A = Elapsed time spent in this place.
 B = Non-inter-level travel time spent in this place.
 C = Inter-level travel time spent in this place.
 D = Time resting spent in this place.
 E = Time spent auto-exploring this place.
 F = Levels seen in this place.
 G = Mean time per level.
                   A        B        C        D        E       F      G
               +--------+--------+--------+--------+--------+-----+--------+
         Total |   2506 |   2474 |     32 |    464 |   1337 |   3 |  835.3 |
       Dungeon |   2506 |   2474 |     32 |    464 |   1337 |   3 |  835.3 |
               +--------+--------+--------+--------+--------+-----+--------+

Top non-repeatable levels by time:
     D:1: 1419 daAuts
     D:2: 873 daAuts
     D:3: 213 daAuts
